| TOP OF THE 1ST |
|
Quad Cities Angels batting - Pitching for Waterloo Hawks : RHP John Franks
|
|
Pitching: RHP John Franks
|
|
|
Batting: SHB Frank Diaz
|
0-0: Ground out 6-3 (Groundball, 6, EV 85.6 MPH)
|
|
Batting: SHB Danny Montero
|
0-0: Ball 1-0: Foul Ball, location: 2F 1-1: Swinging Strike 1-2: Strikes out swinging
|
|
Batting: RHB Dionisio DeJesus
|
0-0: Fly out, F8 (Flyball, 8LD, EV 97.5 MPH)
|
| Top of the 1st over - 0 runs, 0 hits, 0 errors, 0 left on base; Quad Cities 0 - Waterloo 0 |
| BOTTOM OF THE 1ST |
|
Waterloo Hawks batting - Pitching for Quad Cities Angels : LHP Ernie Ramirez
|
|
Pitching: LHP Ernie Ramirez
|
|
|
Batting: RHB Edward Irvine
|
0-0: Foul Ball, location: 2F 0-1: Called Strike 0-2: Foul Ball, location: 2F 0-2: Ball 1-2: Strikes out swinging
|
|
Batting: RHB Jay Loviglio
|
0-0: Foul Ball, location: 2F 0-1: Called Strike 0-2: Ball 1-2: Fly out, F5 (Flyball, 5D, EV 88.1 MPH)
|
|
Batting: LHB Ronald Davis
|
0-0: Called Strike 0-1: Ball 1-1: Ball 2-1: Foul Ball, location: 2F 2-2: TRIPLE (Flyball, 78XD, EV 96.9 MPH)
|
|
Batting: RHB Carmelo Aguayo
|
0-0: Called Strike 0-1: Ball 1-1: Foul Ball, location: 2F 1-2: Ground out 6-3 (Groundball, 6, EV 80.6 MPH)
|
| Bottom of the 1st over - 0 runs, 1 hit, 0 errors, 1 left on base; Quad Cities 0 - Waterloo 0 |
| TOP OF THE 2ND |
|
Quad Cities Angels batting - Pitching for Waterloo Hawks : RHP John Franks
|
|
Batting: LHB Chuck Sandberg
|
0-0: Ball 1-0: Called Strike 1-1: Ball 2-1: Foul Ball, location: 2F 2-2: DOUBLE (Line Drive, 9LM, EV 101.3 MPH) - OUT at third base trying to stretch hit.
|
|
Batting: RHB Craig Walck
|
0-0: Called Strike 0-1: Ball 1-1: Ground out 4-3 (Groundball, 4, EV 86.9 MPH)
|
|
Batting: RHB Mike Anicich
|
0-0: Ball 1-0: Called Strike 1-1: Foul Ball, location: 2F 1-2: Fly out, F8 (Flyball, 78D, EV 90.6 MPH)
|
| Top of the 2nd over - 0 runs, 1 hit, 0 errors, 0 left on base; Quad Cities 0 - Waterloo 0 |
| BOTTOM OF THE 2ND |
|
Waterloo Hawks batting - Pitching for Quad Cities Angels : LHP Ernie Ramirez
|
|
Batting: LHB Burk Goldthorn
|
0-0: Called Strike 0-1: Swinging Strike 0-2: Ball 1-2: Ball 2-2: Ball 3-2: Foul Ball, location: 2F 3-2: Base on Balls
|
|
Batting: RHB Juan Baez
|
0-0: Called Strike 0-1: Foul Ball, location: 2F 0-2: Ball 1-2: Foul Ball, location: 2F 1-2: Fielders Choice at 2nd, 6-4 (Groundball, 6S, EV 90.6 MPH)
|
|
Batting: RHB Michael Williams
|
0-0: Ball 1-0: Foul Ball, location: 2F 1-1: Ball 2-1: Ball 3-1: Base on Balls Juan Baez to second
|
|
Batting: RHB Mark Doran
|
0-0: Ball 1-0: Swinging Strike 1-1: Swinging Strike 1-2: Ball 2-2: Strikes out swinging
|
|
Batting: RHB David Cusack
|
0-0: Fielders Choice at 2nd, 6-4 (Groundball, 56D, EV 86.3 MPH)
|
| Bottom of the 2nd over - 0 runs, 0 hits, 0 errors, 2 left on base; Quad Cities 0 - Waterloo 0 |
| TOP OF THE 3RD |
|
Quad Cities Angels batting - Pitching for Waterloo Hawks : RHP John Franks
|
|
Batting: LHB Matteo Allucingoli
|
0-0: Ball 1-0: Ball 2-0: Called Strike 2-1: Foul Ball, location: 2F 2-2: Foul Ball, location: 2F 2-2: Fly out, F8 (Flyball, 78D, EV 101.9 MPH)
|
|
Batting: RHB Bruce Benedict
|
0-0: Ball 1-0: Ball 2-0: Ground out 6-3 (Groundball, 6M, EV 86.9 MPH)
|
|
Batting: RHB Lance Ediger
|
0-0: Ball 1-0: Ground out 5-3 (Groundball, 56, EV 97.5 MPH)
|
| Top of the 3rd over - 0 runs, 0 hits, 0 errors, 0 left on base; Quad Cities 0 - Waterloo 0 |
| BOTTOM OF THE 3RD |
|
Waterloo Hawks batting - Pitching for Quad Cities Angels : LHP Ernie Ramirez
|
|
Batting: RHB Edward Irvine
|
0-0: Ball 1-0: Foul Ball, location: 2F 1-1: Fly out, F8 (Flyball, 89S, EV 81.9 MPH)
|
|
Batting: RHB Jay Loviglio
|
0-0: Called Strike 0-1: Foul Ball, location: 2F 0-2: Foul Ball, location: 2F 0-2: Foul Ball, location: 2F 0-2: Foul Ball, location: 2F 0-2: Foul Ball, location: 2F 0-2: Ball 1-2: Ground out 5-3 (Groundball, 56, EV 83.1 MPH)
|
|
Batting: LHB Ronald Davis
|
0-0: Foul Ball, location: 2F 0-1: Foul Ball, location: 2F 0-2: Ball 1-2: Ball 2-2: Strikes out swinging
|
| Bottom of the 3rd over - 0 runs, 0 hits, 0 errors, 0 left on base; Quad Cities 0 - Waterloo 0 |
| TOP OF THE 4TH |
|
Quad Cities Angels batting - Pitching for Waterloo Hawks : RHP John Franks
|
|
Batting: SHB Frank Diaz
|
0-0: Ball 1-0: Ball 2-0: Ball 3-0: Called Strike 3-1: Foul Ball, location: 2F 3-2: Foul Ball, location: 2F 3-2: Strikes out swinging
|
|
Batting: SHB Danny Montero
|
0-0: Fly out, F7 (Flyball, 78D, EV 101.3 MPH)
|
|
Batting: RHB Dionisio DeJesus
|
0-0: Ball 1-0: Fly out, F5 (Popup, 5SF, EV 80.0 MPH)
|
| Top of the 4th over - 0 runs, 0 hits, 0 errors, 0 left on base; Quad Cities 0 - Waterloo 0 |
| BOTTOM OF THE 4TH |
|
Waterloo Hawks batting - Pitching for Quad Cities Angels : LHP Ernie Ramirez
|
|
Batting: RHB Carmelo Aguayo
|
0-0: Swinging Strike 0-1: Ball 1-1: Ball 2-1: Fly out, F9 (Flyball, 9LS, EV 70.6 MPH)
|
|
Batting: LHB Burk Goldthorn
|
0-0: Ball 1-0: Called Strike 1-1: Foul Ball, location: 2F 1-2: Ball 2-2: Strikes out swinging
|
|
Batting: RHB Juan Baez
|
0-0: Foul Ball, location: 2F 0-1: Called Strike 0-2: Ball 1-2: Ground out 5-3 (Groundball, 5L, EV 81.3 MPH)
|
| Bottom of the 4th over - 0 runs, 0 hits, 0 errors, 0 left on base; Quad Cities 0 - Waterloo 0 |
| TOP OF THE 5TH |
|
Quad Cities Angels batting - Pitching for Waterloo Hawks : RHP John Franks
|
|
Batting: LHB Chuck Sandberg
|
0-0: Called Strike 0-1: Called Strike 0-2: Strikes out swinging
|
|
Batting: RHB Craig Walck
|
0-0: Ball 1-0: Ball 2-0: Foul Ball, location: 2F 2-1: Foul Ball, location: 2F 2-2: Foul Ball, location: 2F 2-2: Ball 3-2: Strikes out swinging
|
|
Batting: RHB Mike Anicich
|
0-0: Ball 1-0: Foul Ball, location: 2F 1-1: Foul Ball, location: 2F 1-2: Ball 2-2: Fly out, F9 (Flyball, 89M, EV 85.6 MPH)
|
| Top of the 5th over - 0 runs, 0 hits, 0 errors, 0 left on base; Quad Cities 0 - Waterloo 0 |
| BOTTOM OF THE 5TH |
|
Waterloo Hawks batting - Pitching for Quad Cities Angels : LHP Ernie Ramirez
|
|
Batting: RHB Michael Williams
|
0-0: Ball 1-0: Called Strike 1-1: Ball 2-1: Ball 3-1: Base on Balls
|
|
Batting: RHB Mark Doran
|
0-0: Ball 1-0: Foul Ball, location: 2F 1-1: Ball 2-1: Ball 3-1: SINGLE (Line Drive, 9S, EV 104.4 MPH) Michael Williams to second
|
|
Batting: RHB David Cusack
|
0-0: Ball 1-0: Called Strike 1-1: Ball Balk! Michael Williams to third Mark Doran to second 2-1: Foul Ball, location: 2F 2-2: Ground out 4-3 (Groundball, 34, EV 88.8 MPH)
|
|
Batting: RHB Edward Irvine
|
0-0: Ground out 6-3 (Groundball, 6MS, EV 75.6 MPH)
|
|
Batting: RHB Jay Loviglio
|
0-0: SINGLE (Groundball, 56S, EV 70.0 MPH) (infield hit) Michael Williams scores Mark Doran to third
|
|
Batting: LHB Ronald Davis
|
0-0: Called Strike 0-1: Ball 1-1: Called Strike 1-2: Foul Ball, location: 2F 1-2: Ball 2-2: Foul Ball, location: 2F 2-2: Fly out, F6 (Popup, 6MS, EV 84.4 MPH)
|
| Bottom of the 5th over - 1 run, 2 hits, 0 errors, 2 left on base; Quad Cities 0 - Waterloo 1 |
| TOP OF THE 6TH |
|
Quad Cities Angels batting - Pitching for Waterloo Hawks : RHP John Franks
|
|
Batting: LHB Matteo Allucingoli
|
0-0: Ball 1-0: Foul Ball, location: 2F 1-1: Ball 2-1: Foul Ball, location: 2F 2-2: SINGLE (Line Drive, 8RS, EV 98.8 MPH)
|
|
Batting: RHB Bruce Benedict
|
0-0: Called Strike 0-1: Ball 1-1: Ball 2-1: DOUBLE (Flyball, 8LD, EV 91.9 MPH) Matteo Allucingoli to third
|
|
Batting: RHB Lance Ediger
|
0-0: Called Strike 0-1: Foul Ball, location: 2F 0-2: Strikes out swinging
|
|
Batting: SHB Frank Diaz
|
0-0: Foul Ball, location: 2F 0-1: Swinging Strike 0-2: DOUBLE (Groundball, 3L, EV 106.3 MPH) Matteo Allucingoli scores Bruce Benedict scores
|
|
Pinch Runner at 2nd Rolando Roomes:
|
|
|
Batting: SHB Danny Montero
|
0-0: Foul Ball, location: 2F 0-1: Fly out, F8 (Flyball, 8LD, EV 101.9 MPH) Runner from 2nd tags up, SAFE at 3rd with throw by CF
|
|
Batting: RHB Dionisio DeJesus
|
0-0: Ball 1-0: Called Strike 1-1: Called Strike 1-2: Ball 2-2: Foul Ball, location: 2F 2-2: Foul Ball, location: 2F 2-2: Strikes out looking
|
| Top of the 6th over - 2 runs, 3 hits, 0 errors, 1 left on base; Quad Cities 2 - Waterloo 1 |
| BOTTOM OF THE 6TH |
|
Waterloo Hawks batting - Pitching for Quad Cities Angels : LHP Ernie Ramirez
|
|
Now at 2B: Brian Butera
|
|
|
Batting: RHB Carmelo Aguayo
|
0-0: Called Strike 0-1: Foul Ball, location: 2F 0-2: Ball 1-2: Foul Ball, location: 2F 1-2: Ball 2-2: Ground out 5-3 (Groundball, 15, EV 88.1 MPH)
|
|
Batting: LHB Burk Goldthorn
|
0-0: Foul Ball, location: 2F 0-1: Swinging Strike 0-2: Ball 1-2: Foul Ball, location: 2F 1-2: Foul Ball, location: 2F 1-2: Foul Ball, location: 2F 1-2: SINGLE (Flyball, 56D, EV 94.4 MPH)
|
|
Batting: RHB Juan Baez
|
0-0: Ball 1-0: Ball 2-0: Called Strike 2-1: Ball 3-1: Foul Ball, location: 2F 3-2: Base on Balls Burk Goldthorn to second
|
|
Batting: RHB Michael Williams
|
0-0: Ball 1-0: Ball 2-0: Called Strike 2-1: Called Strike 2-2: Strikes out swinging
|
|
Batting: RHB Mark Doran
|
0-0: Ball 1-0: SINGLE (Groundball, 6MD, EV 108.1 MPH) Burk Goldthorn to third Juan Baez to second Runner from 3rd tries for Home, SAFE, throw by CF to home Juan Baez to third Mark Doran to second
|
|
Batting: RHB David Cusack
|
0-0: Fly out, F7 (Flyball, 7S, EV 83.8 MPH)
|
| Bottom of the 6th over - 1 run, 2 hits, 0 errors, 2 left on base; Quad Cities 2 - Waterloo 2 |
| TOP OF THE 7TH |
|
Quad Cities Angels batting - Pitching for Waterloo Hawks : RHP John Franks
|
|
Batting: LHB Chuck Sandberg
|
0-0: Called Strike 0-1: Called Strike 0-2: Ball 1-2: Ball 2-2: Foul Ball, location: 2F 2-2: Ball 3-2: Base on Balls
|
|
Batting: RHB Craig Walck
|
0-0: Ball 1-0: Ball 2-0: Called Strike 2-1: Swinging Strike 2-2: Foul Ball, location: 2F 2-2: SINGLE (Line Drive, 8LS, EV 92.5 MPH) Chuck Sandberg to second
|
|
Batting: RHB Mike Anicich
|
0-0: Ball 1-0: Foul Ball, location: 2F 1-1: Ball 2-1: Swinging Strike 2-2: Ball 3-2: Foul Ball, location: 2F 3-2: Base on Balls Chuck Sandberg to third Craig Walck to second
|
|
Batting: LHB Matteo Allucingoli
|
0-0: Foul Ball, location: 2F 0-1: Called Strike 0-2: Grounds into fielders choice 4-2 (Groundball, 4, EV 87.5 MPH) Craig Walck to third Mike Anicich to second
|
|
Batting: RHB Bruce Benedict
|
0-0: Called Strike 0-1: Ball 1-1: Ball 2-1: Fly out, F9 (Flyball, 9LM, EV 91.9 MPH)
|
|
Batting: RHB Lance Ediger
|
0-0: Called Strike 0-1: Ball 1-1: Ball 2-1: Foul Ball, location: 2F 2-2: Ball 3-2: Base on Balls Craig Walck scores Mike Anicich to third Matteo Allucingoli to second
|
|
Batting: SHB Brian Butera
|
0-0: Ball 1-0: Ball 2-0: Fly out, F8 (Flyball, 8LD, EV 98.1 MPH)
|
| Top of the 7th over - 1 run, 1 hit, 0 errors, 3 left on base; Quad Cities 3 - Waterloo 2 |
| BOTTOM OF THE 7TH |
|
Waterloo Hawks batting - Pitching for Quad Cities Angels : LHP Ernie Ramirez
|
|
Batting: RHB Edward Irvine
|
0-0: Reached on error, E5 (Groundball, 5S, EV 90.0 MPH)
|
|
Batting: RHB Jay Loviglio
|
0-0: Bunted foul 0-1: Sac Bunt to 15S - play at first, batter OUT! 1-4 Edward Irvine to second
|
|
Pinch Hitting: RHB Daniel Jones
|
0-0: Ball 1-0: Ball 2-0: Ball 3-0: Base on Balls
|
|
Batting: RHB Carmelo Aguayo
|
0-0: Ball 1-0: Called Strike 1-1: Ball 2-1: Fly out, F9 (Flyball, 9LM, EV 95.6 MPH) Runner from 2nd tags up, SAFE at 3rd, no throw by RF
|
|
Pitching: LHP Charles Redd
|
|
|
Batting: LHB Burk Goldthorn
|
0-0: Foul Ball, location: 2F 0-1: Ball 1-1: Foul Ball, location: 2F 1-2: Ball 2-2: Ground out 1-3 (Groundball, 34S, EV 75.0 MPH)
|
| Bottom of the 7th over - 0 runs, 0 hits, 1 error, 2 left on base; Quad Cities 3 - Waterloo 2 |
| TOP OF THE 8TH |
|
Quad Cities Angels batting - Pitching for Waterloo Hawks : RHP John Franks
|
|
Now at 1B: Daniel Jones
|
|
|
Batting: SHB Danny Montero
|
0-0: Called Strike 0-1: Swinging Strike 0-2: Ball 1-2: Strikes out swinging
|
|
Batting: RHB Dionisio DeJesus
|
0-0: Ball 1-0: Ball 2-0: Ball 3-0: Base on Balls
|
|
Batting: LHB Chuck Sandberg
|
0-0: Ball 1-0: Ball 2-0: Ball 3-0: Called Strike 3-1: Base on Balls Dionisio DeJesus to second
|
|
Batting: RHB Craig Walck
|
0-0: Called Strike 0-1: Ball 1-1: Foul Ball, location: 2F 1-2: Foul Ball, location: 2F 1-2: Foul Ball, location: 2F 1-2: DOUBLE (Flyball, 8RXD, EV 107.5 MPH) Dionisio DeJesus scores Chuck Sandberg to third Runner from 3rd tries for Home, SAFE, throw by CF to home
|
|
Batting: RHB Mike Anicich
|
0-0: Ball 1-0: Foul Ball, location: 2F 1-1: Called Strike 1-2: Ball 2-2: Foul Ball, location: 2F 2-2: Ground out 6-3 (Groundball, 6, EV 99.4 MPH)
|
|
Batting: LHB Matteo Allucingoli
|
0-0: Fly out, F3 (Popup, 34, EV 75.0 MPH)
|
| Top of the 8th over - 2 runs, 1 hit, 0 errors, 1 left on base; Quad Cities 5 - Waterloo 2 |
| BOTTOM OF THE 8TH |
|
Waterloo Hawks batting - Pitching for Quad Cities Angels : LHP Charles Redd
|
|
Batting: RHB Juan Baez
|
0-0: Called Strike 0-1: Swinging Strike 0-2: Strikes out swinging
|
|
Batting: RHB Michael Williams
|
0-0: Called Strike 0-1: Called Strike 0-2: Foul Ball, location: 2F 0-2: Ball 1-2: Ball 2-2: Ball 3-2: Base on Balls
|
|
Batting: RHB Mark Doran
|
0-0: Called Strike 0-1: Ball 1-1: Ball 2-1: TRIPLE (Flyball, 78XD, EV 113.1 MPH) Michael Williams scores
|
|
Batting: RHB David Cusack
|
0-0: Ball 1-0: Fly out, F9 (Flyball, 9, EV 86.9 MPH) Runner from 3rd tags up, SCORES, no throw by RF
|
|
Batting: RHB Edward Irvine
|
0-0: Ball 1-0: Foul Ball, location: 2F 1-1: Ball 2-1: Ground out 1-3 (Groundball, 13S, EV 69.4 MPH)
|
| Bottom of the 8th over - 2 runs, 1 hit, 0 errors, 0 left on base; Quad Cities 5 - Waterloo 4 |
| TOP OF THE 9TH |
|
Quad Cities Angels batting - Pitching for Waterloo Hawks : RHP John Franks
|
|
Pitching: RHP Tom Van Der Meersche
|
|
|
Batting: RHB Bruce Benedict
|
0-0: Ball 1-0: Fly out, F6 (Flyball, 56D, EV 88.8 MPH)
|
|
Batting: RHB Lance Ediger
|
0-0: Called Strike 0-1: Ball 1-1: Ball 2-1: Ground out 6-3 (Groundball, 56, EV 91.9 MPH)
|
|
Batting: SHB Brian Butera
|
0-0: Called Strike 0-1: SINGLE (Line Drive, 9S, EV 85.0 MPH)
|
|
Batting: SHB Danny Montero
|
0-0: Ball 1-0: Foul Ball, location: 2F 1-1: Ball 2-1: Ball 3-1: Base on Balls Brian Butera to second
|
|
Batting: RHB Dionisio DeJesus
|
0-0: SINGLE (Groundball, 6MD, EV 96.9 MPH) Brian Butera to third Danny Montero to second Runner from 3rd tries for Home, SAFE, throw by CF to home
|
|
Batting: LHB Chuck Sandberg
|
0-0: Fly out, F7 (Flyball, 7D, EV 102.5 MPH)
|
| Top of the 9th over - 1 run, 2 hits, 0 errors, 2 left on base; Quad Cities 6 - Waterloo 4 |
| BOTTOM OF THE 9TH |
|
Waterloo Hawks batting - Pitching for Quad Cities Angels : LHP Charles Redd
|
|
Pitching: RHP David Mangrum
|
|
|
Batting: RHB Jay Loviglio
|
0-0: Ball 1-0: Ball 2-0: Ball 3-0: Base on Balls
|
|
Batting: RHB Daniel Jones
|
0-0: Ball 1-0: Foul Ball, location: 2F 1-1: SINGLE (Groundball, 6MD, EV 102.5 MPH) (infield hit) Jay Loviglio to second
|
|
Batting: RHB Carmelo Aguayo
|
0-0: Ball 1-0: Ball 2-0: Fly out, F8 (Flyball, 8RS, EV 88.1 MPH)
|
|
Batting: LHB Burk Goldthorn
|
0-0: Ball 1-0: Ball 2-0: Ball 3-0: Called Strike 3-1: Base on Balls Jay Loviglio to third Daniel Jones to second
|
|
Batting: RHB Juan Baez
|
0-0: Foul Ball, location: 2F 0-1: Ball 1-1: Ball 2-1: Ball 3-1: Fly out, F9 (Flyball, 9S, EV 90.6 MPH)
|
|
Batting: RHB Michael Williams
|
0-0: Foul Ball, location: 2F 0-1: Fly out, F8 (Flyball, 8RD, EV 97.5 MPH)
|
| Bottom of the 9th over - 0 runs, 1 hit, 0 errors, 3 left on base; Quad Cities 6 - Waterloo 4 |
|